 Dungeon Crawl Stone Soup version 0.20-a0-1034-gb277f92 (webtiles) character file.

3010 HankScorpio the Basher (level 9, -4/52 HPs)
             Began as a Gargoyle Gladiator on Apr 21, 2017.
             Slain by a killer bee zombie (5 damage)
             ... on level 7 of the Dungeon.
             The game lasted 00:16:57 (6573 turns).

HankScorpio the Basher (Gargoyle Gladiator)         Turns: 6573, Time: 00:16:58

Health: -4/52      AC:  8    Str: 19    XL:     9   Next: 84%
Magic:  9/9        EV: 14    Int:  9    God:
Gold:   280        SH:  0    Dex: 19    Spells: 8/8 levels left

rFire    + . .     SeeInvis .   p - +2 dire flail (crush)
rCold    + . .     Gourm    .   (shield currently unavailable)
rNeg     + . .     Faith    .   b - +0 leather armour
rPois    ∞         Spirit   .   c - +0 helmet
rElec    +         Reflect  .   s - +0 cloak
rCorr    +         Harm     .   x - +0 pair of gloves
MR       .....                  (no boots)
Stlth    ++........             (no amulet)
Regen    0.2/turn               u - +6 ring of dexterity
MPRegen  0.2/turn               (no ring)

@: resistant, corroded
A: blurry vision 1, negative energy resistance 1, screaming 1, electricity
resistance, unbreathing, petrification resistance, rot immunity, AC +5
a: no special abilities


You were on level 7 of the Dungeon.
You were not hungry.

You visited 1 branch of the dungeon, and saw 9 of its levels.

You collected 280 gold pieces.

Inventory:

Hand Weapons
 p - a +2 dire flail of crushing (weapon)
 v - a +3 flail
 y - a +1 flail
Missiles
 d - 3 throwing nets (quivered)
Armour
 b - a +0 leather armour (worn)
 c - a +0 helmet (worn)
 s - a +0 cloak (worn)
 x - a +0 pair of gloves (worn)
Jewellery
 u - a +6 ring of dexterity (left hand)
Wands
 f - a wand of lightning (6/15)
 q - a wand of flame (5/48)
 t - a wand of paralysis (18/24)
Scrolls
 e - 6 scrolls of identify
 g - a scroll of enchant weapon
 i - 3 scrolls of amnesia {unknown}
 j - 2 scrolls of random uselessness {unknown}
 k - 4 scrolls of teleportation
 l - a scroll of blinking
 m - a scroll of enchant armour {unknown}
 n - 4 scrolls of immolation
Comestibles
 a - a meat ration
 r - 3 fruits
 w - 3 royal jellies


   Skills:
 - Level 3.8 Fighting
 + Level 11.9 Maces & Flails
 - Level 1.8 Throwing
 - Level 3.2 Armour
 - Level 3.9 Dodging
 - Level 2.4 Stealth


You had 8 spell levels left.
You didn't know any spells.

Dungeon Overview and Level Annotations

Branches:
Dungeon (9/15)               Lair (0/6) D:8
 Temple: D:4-7          Orc: D:9-12

Altars:
Elyvilon
Kikubaaqudgha
Ru
Sif Muna
Vehumet
Xom
The Shining One

Shops:
D:5 *

Annotations:
D:4 exclusion: statue


Innate Abilities, Weirdness & Mutations

You are resistant to torment.
Your stone body is resilient. (AC +5)
You are immune to poison.
You resist negative energy. (rN+)
You are resistant to electric shocks. (rElec)
You can survive without breathing.
You are immune to petrification.
You are immune to rotting.
Scrolls take you a little longer to read.
You occasionally shout uncontrollably at your foes.


Message History

The crimson imp disappears for a moment.
You closely miss the killer bee zombie.
The killer bee zombie is almost destroyed.
The killer bee zombie hits you but does no damage.
The killer bee zombie closely misses you.
The crimson imp zaps a wand.
The bolt of acid hits you! The acid corrodes you!
You are splashed with acid!
The acid burns!
* * * LOW HITPOINT WARNING * * *
It is a wand of acid (?/15).
The centaur shoots an arrow.
The arrow hits you but does no damage.
The killer bee zombie closely misses you.
You see here an arrow.
You feel protected.
The centaur shoots an arrow.
The arrow barely misses you.
The killer bee zombie closely misses you.
The crimson imp blinks!
The centaur shoots an arrow.
The arrow hits you!
* * * LOW HITPOINT WARNING * * *
The killer bee zombie hits you.
You die...

#.......# #.......#
#......(# #.......+
##+##.....).###########
.........(.(..........#
......................#...
......................#...
.......(Z@............#...
....!.................#...
......c....>......†...#...
........§########.†...#...
.........# #.†...+...
.........# #..<..#'##
.........# #......)..
####.....# #......>..
#....<....


You could see a centaur and a killer bee zombie.

Vanquished Creatures
  2 hippogriffs
  A hungry ghost (D:8)
  Edmund (D:5)
  The ghost of Guenter the Covered, an amateur VSWn (D:4)
  A sky beast (D:8)
  2 ice beasts (D:9)
  4 necrophages (D:8)
  A centaur (D:9)
  A big kobold (D:7)
  A bullfrog (D:9)
  2 scorpions
  7 killer bees
  7 wights
  3 howler monkeys (D:7)
  2 crimson imps (D:8)
  2 orc priests
  A bullfrog zombie (D:8)
  4 orc wizards
  Jessica (D:2)
  An iguana (D:9)
  3 worker ants
  A killer bee zombie (D:8)
  A hound zombie (D:8)
  2 worker ant zombies
  3 gnolls (D:4)
  A river rat (D:4)
  7 adders
  2 adder skeletons
  3 worms
  2 dart slugs (D:1)
  5 leopard geckos
  11 orcs
  6 giant cockroaches
  5 goblins
  5 hobgoblins
  8 jackals
  2 quokkas
  2 ball pythons
  A ball python skeleton (D:4)
  7 bats
  3 frilled lizards
  A jackal skeleton (D:4)
  11 kobolds
  A quokka zombie (D:8)
  14 rats
152 creatures vanquished.

Vanquished Creatures (others)
  A withered plant (D:8)
1 creature vanquished.

Grand Total: 153 creatures vanquished

Notes
Turn   | Place    | Note
-------+----------+-------------------------------------------
     0 | D:1      | HankScorpio the Gargoyle Gladiator began the quest for the Orb.
     0 | D:1      | Reached XP level 1. HP: 12/12 MP: 1/1
   465 | D:1      | Reached XP level 2. HP: 17/17 MP: 2/2
   741 | D:1      | Reached XP level 3. HP: 6/21 MP: 3/3
  1150 | D:1      | Reached skill level 1 in Armour
  1508 | D:2      | Noticed Jessica
  1511 | D:2      | Killed Jessica
  1511 | D:2      | Reached skill level 1 in Stealth
  1511 | D:2      | Reached XP level 4. HP: 19/27 MP: 4/4
  1825 | D:2      | Reached skill level 4 in Maces & Flails
  2384 | D:3      | Reached XP level 5. HP: 12/32 MP: 5/5
  3089 | D:3      | Reached XP level 6. HP: 27/37 MP: 6/6
  3311 | D:4      | Noticed Guenter's ghost (amateur VSWn)
  3377 | D:4      | Found a radiant altar of Vehumet.
  3465 | D:4      | Found a deep blue altar of Sif Muna.
  3472 | D:4      | Found an ancient bone altar of Kikubaaqudgha.
  3481 | D:4      | Found a glowing golden altar of the Shining One.
  3535 | D:4      | Reached skill level 5 in Maces & Flails
  3701 | D:4      | Found a sacrificial altar of Ru.
  3798 | D:4      | Killed Guenter's ghost
  3798 | D:4      | Reached XP level 7. HP: 16/41 MP: 7/7
  4279 | D:5      | Entered Level 5 of the Dungeon
  4279 | D:5      | Noticed a hippogriff
  4287 | D:5      | Killed a hippogriff
  4287 | D:5      | Reached skill level 6 in Maces & Flails
  4473 | D:5      | Noticed Edmund
  4486 | D:5      | Killed Edmund
  4486 | D:5      | Reached XP level 8. HP: 41/48 MP: 8/8
  4650 | D:5      | Found Xostraoh's General Store.
  4735 | D:6      | Reached skill level 7 in Maces & Flails
  4786 | D:6      | Found a white marble altar of Elyvilon.
  4819 | D:6      | Noticed a komodo dragon
  5145 | D:7      | Noticed a hippogriff
  5296 | D:9      | Reached skill level 8 in Maces & Flails
  5620 | D:9      | Reached skill level 9 in Maces & Flails
  5704 | D:9      | Noticed a troll
  5847 | D:8      | Found a shimmering altar of Xom.
  5871 | D:8      | Reached XP level 9. HP: 29/52 MP: 9/9
  5994 | D:8      | Reached skill level 10 in Maces & Flails
  6040 | D:8      | Found a staircase to the Lair.
  6143 | D:8      | Gained mutation: You are weak. (Str -2) [mutagenic meat]
  6144 | D:8      | Gained mutation: Scrolls take you a little longer to read. [mutagenic meat]
  6145 | D:8      | Gained mutation: You tend to lose your temper in combat. [mutagenic meat]
  6146 | D:8      | Lost mutation: You are weak. (Str -2) [mutagenic meat]
  6147 | D:8      | Lost mutation: You tend to lose your temper in combat. [mutagenic meat]
  6148 | D:8      | Gained mutation: You occasionally shout uncontrollably at your foes. [mutagenic meat]
  6265 | D:8      | Reached skill level 11 in Maces & Flails
  6345 | D:8      | Noticed a two-headed ogre
  6573 | D:7      | HP: 1/52 [centaur/arrow (9)]
  6573 | D:7      | Slain by a killer bee zombie

Vault maps used:
D:1:      zaba_arrival_water
D:2:      serial_glass, glass_columns_a, glass_columns_b, uniq_jessica
D:4:      nicolae_ru_great_annihilating_truth, vehumet_statue,
          minmay_overflow_temple_star_quad, gup_sewer_entry_bowl, minmay_cupped
D:5:      minmay_temple_entry_poolview, first_bread, serial_shops,
          nicolae_shop_trees, uniq_grinder, uniq_edmund, uniq_duvessa
D:6:      lemuel_doored_altar, nemelex_xobeh_ov_fountains_minmay, serial_glass,
          glass_columns_a, glass_columns_a, glass_columns_a, okawaru_gym_becter
D:8:      overflow_temple_1_default, lair_entry_dummy, serial_undead,
          serial_undead_a, serial_undead_b, serial_undead_b, serial_undead_e,
          serial_undead_d, serial_undead_f, grunt_livestock, serial_park_tiny_2
D:9:      lemuel_coloured_pillars_altar, lemuel_round_altar, minitemple,
          special_room

Skill      XL: |  1  2  3  4  5  6  7  8  9 |
---------------+----------------------------+-----
Armour         | 1 2 3 |  3.2
Stealth        | 1 2 |  2.4
Maces & Flails | 4 5 6 9 11 | 11.9
Fighting       | 3 |  3.8
Dodging        | 3 |  3.9
Throwing       | |  1.8

Action                   |  1- 3 |  4- 6 |  7- 9 || total
-------------------------+-------+-------+-------++-------
Melee: Flail             |   133 |   218 |    57 ||   408
       Dire flail        |       |       |   252 ||   252
  Use: Potion            |       |     6 |     8 ||    14
       Scroll            |       |       |     9 ||     9
 Stab: Sleeping          |     1 |     2 |     1 ||     4
       Paralysed         |       |     1 |       ||     1
       Distracted        |       |       |     1 ||     1
  Eat: Chunk             |     2 |     7 |    12 ||    21
       Bread ration      |       |       |     1 ||     1
Armor: Leather armour    |    62 |    88 |   138 ||   288
       Skin              |       |    15 |    32 ||    47
Dodge: Dodged            |   104 |   132 |   271 ||   507
